 Dungeon Crawl Stone Soup version 0.26-a0-812-g31a745ddcd (webtiles) character file.

Game seed: 18187455854973279297

23 sanka the Skirmisher (level 3, 0/33 HPs)
             Began as a Ghoul Monk on Nov 26, 2020.
             Slain by a kobold (2 damage)
             ... on level 2 of the Dungeon.
             The game lasted 00:01:22 (1288 turns).

sanka the Skirmisher (Ghoul Monk)                   Turns: 1288, Time: 00:01:22

Health: 0/33       AC:  2    Str: 15    XL:     3   Next: 0%
Magic:  2/2        EV: 12    Int:  5    God:
Gold:   124        SH:  3    Dex: 11    Spells: 2/2 levels left

rFire    . . .     SeeInvis .   a - +0 hand axe
rCold    + . .     Faith    .   k - +0 buckler
rNeg     + + +     Spirit   .   b - +0 robe
rPois    ∞         Reflect  .   (no helmet)
rElec    .         Harm     .   (no cloak)
rCorr    .         Rampage  .   (no gloves)
MR       .....                  (no boots)
Stlth    ++........             (no amulet)
HPRegen  0.00/turn              (no ring)
MPRegen  0.08/turn              (no ring)

@: no status effects
A: rotting body, claws 1, cold resistance 1, negative energy resistance 3,
inhibited regeneration, torment resistance, unbreathing
a: no special abilities


You were on level 2 of the Dungeon.
You visited 1 branch of the dungeon, and saw 2 of its levels.

You collected 124 gold pieces.


Innate Abilities, Weirdness & Mutations

Your body is rotting away.
You thrive by killing the living.
You are immune to poison.
You have sharp fingernails.
Your flesh is cold resistant. (rC+)
You are immune to negative energy. (rN+++)
You do not regenerate when monsters are visible.
You are immune to unholy pain and torment.
You can survive without breathing.


   Skills:
 + Level 3.9 Fighting
 + Level 3.2 Axes
 - Level 2.6 Dodging
 - Level 2.1 Stealth


You had 2 spell levels left.
You didn't know any spells.
Your spell library was empty.

Inventory:

Hand Weapons
 a - a +0 hand axe (weapon)
Armour
 b - a +0 robe (worn)
 c - a +0 pair of boots
 k - a +0 buckler (worn)
Scrolls
 e - 2 scrolls of identify {unknown}
 g - a scroll of magic mapping {unknown}
 i - a scroll of remove curse {unknown}
Potions
 d - a potion of degeneration {unknown}
 f - a potion of berserk rage {unknown}
 h - a potion of magic {unknown}
 j - a potion of curing {unknown}

Dungeon Overview and Level Annotations

Branches:
Dungeon (2/15)

Altars:

.. ▒▒▒▒▒ ▒. ....▒▒▒
▒. ▒....▒ ▒. ▒....▒
▒. ▒n.▒▒▒▒▒ ▒.
▒SK....▒ ▒.
▒.▒▒▒▒.▒ ▒▒▒▒▒▒▒.
▒.▒▒▒▒.▒▒▒▒.......
..▒▒.........▒▒▒▒.
...▒▒.▒.▒▒▒▒.<.....
..▒▒▒.▒.▒ ▒.▒▒▒▒..
▒▒. ▒.▒.▒ ▒.▒ ▒...
....▒ ▒.▒▒▒▒..


You could see an adder and a kobold.


Message History

The adder is lightly wounded.
The adder bites you.
* * * LOW HITPOINT WARNING * * *
You barely miss the adder.
The adder is lightly wounded.
The adder barely misses you. The adder barely misses you.
You hit the adder but do no damage.
The adder is lightly wounded.
The adder bites you.
* * * LOW HITPOINT WARNING * * *
A kobold comes into view.
The adder bites you.
* * * LOW HITPOINT WARNING * * *
The kobold shouts!
You hit the adder.
The adder is lightly wounded.
The adder bites you.
* * * LOW HITPOINT WARNING * * *
You closely miss the adder.
The adder is lightly wounded.
You block the adder's attack. The adder completely misses you.
Unknown command.
You hit the adder.
The adder is heavily wounded.
You hit the kobold. The adder barely misses you. The kobold hits you.
You die...

Action                   || total
-------------------------++-------
Melee: Hand axe          ||    81
 Stab: Sleeping          ||     3
Armor: Robe              ||    11
Dodge: Dodged            ||    43
Block: Buckler           ||     7

Levels and vault maps discovered:
D:1:      ebering_trefoil_3fold, layout_loops_corners
D:2:      layout_loops_corners, minmay_heptomino_l4

Notes
Turn   | Place    | Note
-------+----------+-------------------------------------------
     0 | D:1      | sanka the Ghoul Monk began the quest for the Orb.
     0 | D:1      | Reached XP level 1. HP: 19/19 MP: 0/0
   304 | D:1      | Reached skill level 3 in Axes
   304 | D:1      | Reached XP level 2. HP: 26/26 MP: 1/1
  1282 | D:2      | Reached XP level 3. HP: 13/33 MP: 2/2
  1286 | D:2      | HP: 2/33 [adder (3)]
  1288 | D:2      | Slain by a kobold

Vanquished Creatures
  A dart slug (D:1)
  2 giant cockroaches (D:1)
  2 goblins (D:1)
  A hobgoblin (D:1)
  A ball python (D:2)
  3 bats (D:1)
  A frilled lizard (D:1)
  8 kobolds
  4 rats
23 creatures vanquished.
